 Dungeon Crawl Stone Soup version bcrawl-1.24 (webtiles) character file.

Game seed: 6662899984151227848

28 Freyura the Skirmisher (level 3, -2/23 HPs)
             Began as a Gargoyle Monk on June 13, 2020.
             Slain by an adder (3 damage)
             ... on level 1 of the Dungeon.
             The game lasted 00:01:40 (995 turns).

Freyura the Skirmisher (Gargoyle Monk)               Turns: 995, Time: 00:01:40

Health: -2/23      AC:  6    Str: 14    XL:     3   Next: 12%
Magic:  0/4        EV: 13    Int: 10    God:
Gold:   46         SH:  0    Dex: 13    Spells: 2/2 levels left

rFire    . . .     SeeInvis .   a - +0 mace
rCold    . . .     Gourm    .   (no shield)
rNeg     + . .     Faith    .   b - +0 robe
rPois    ∞         Spirit   +   j - +0 helmet
rElec    +         Reflect  .   (no cloak)
rCorr    .         Harm     .   (no gloves)
MR       .....                  (no boots)
Stlth    ++........             d - amulet of guardian spirit
HPRegen  0.07/turn              (no ring)
MPRegen  0.09/turn              (no ring)

@: no status effects
A: negative energy resistance 1, electricity resistance, unbreathing,
petrification resistance, rot immunity, AC +3
a: no special abilities


You were on level 1 of the Dungeon.
You were not hungry.

You visited 1 branch of the dungeon, and saw 2 of its levels.

You collected 46 gold pieces.

Inventory:

Hand Weapons
 a - a +0 mace (weapon)
Armour
 b - a +0 robe (worn)
 c - a +0 hat
 j - a +0 helmet (worn)
Jewellery
 d - an amulet of guardian spirit (around neck)
Scrolls
 f - 2 scrolls of remove curse
 g - a scroll of identify {unknown}
 h - a scroll of magic mapping {unknown}
Potions
 i - a potion of cancellation {unknown}
Comestibles
 e - 2 rations {!d}


   Skills:
 + Level 3.6 Fighting
 * Level 3.5 Maces & Flails
 + Level 1.1 Armour
 + Level 2.6 Dodging
 - Level 2.4 Stealth
   Level 2.1 Invocations


You had 2 spell levels left.
You didn't know any spells.
Your spell library was empty.

Dungeon Overview and Level Annotations

Branches:
Dungeon (2/12)

Altars:

Annotations:
D:2 Robin


Innate Abilities, Weirdness & Mutations

You are resistant to torment.
Your stone body is resilient. (AC +3)
You are immune to poison.
You resist negative energy. (rN+)
You are resistant to electric shocks. (rElec)
You can survive without breathing.
You are immune to petrification.
You are immune to rotting.


Message History

The adder is severely wounded.
The adder barely misses you. The goblin hits you. The goblin barely misses you.
The goblin misses you. The adder bites you. The goblin barely misses you.
The goblin closely misses you.
You completely miss the adder.
The adder is severely wounded.
The adder barely misses you. The goblin hits you with a +0 club.
* * * LOW HITPOINT WARNING * * *
The goblin hits you but does no damage. The goblin misses you.
The adder bites you but does no damage.
You closely miss the adder.
The adder is severely wounded.
The goblin hits you with a +0 club.
* * * LOW HITPOINT WARNING * * *
The adder barely misses you. The goblin hits you but does no damage.
The goblin barely misses you.
You hit the adder.
The adder is severely wounded.
The adder bites you.
You die...

#..#..........# #.......# #
###...#....########...###########
..#..#....#......................
..###...###......................
.#...#..#...≈≈≈≈≈≈≈≈≈≈≈≈≈≈≈≈≈≈≈≈≈
#.....#.....≈≈≈≈≈≈≈≈≈≈≈≈≈≈≈≈≈≈≈≈≈
............≈≈≈≈≈≈≈≈≈≈≈≈≈≈≈≈≈≈≈≈≈
#.....#.#...≈≈≈#'#+#≈≈≈≈≈≈≈#+#'#≈
.#...#..#...≈≈≈S@g.##'###+##...'≈
..###...#...≈≈≈g.g.#.......#...'≈
..#..#..#...≈≈≈#'#'#.#####.###'#≈
###...#.#....≈≈≈≈#...#...#...'≈≈≈
#..#....#..⌠..≈≈≈'.⌠.'.<.###.#≈≈≈
#...#...#..⌠..≈≈≈'.⌠.'...###.#≈≈≈
.#......#....≈≈≈≈#...#...#...'≈≈≈
..#.........≈≈≈#+###.#####.###'#≈
............≈≈≈'...'.......'...'≈


You could see an adder and 3 goblins.

Vanquished Creatures
  2 dart slugs (D:1)
  A leopard gecko (D:1)
  A ball python (D:1)
  4 bats
  4 goblins (D:1)
  2 hobgoblins (D:1)
  3 frilled lizards (D:1)
  3 kobolds (D:1)
  2 rats (D:1)
22 creatures vanquished.

Notes
Turn   | Place    | Note
-------+----------+-------------------------------------------
     0 | D:1      | Freyura the Gargoyle Monk began the quest for the Orb.
     0 | D:1      | Reached XP level 1. HP: 14/14 MP: 2/2
   158 | D:1      | Reached XP level 2. HP: 19/19 MP: 3/3
   415 | D:1      | Reached skill level 1 in Armour
   448 | D:1      | Reached XP level 3. HP: 23/23 MP: 4/4
   984 | D:2      | Noticed Robin
   994 | D:1      | HP: 1/23 [goblin/+0 club[Robin] (3)]
   995 | D:1      | Slain by an adder

Skill      XL: |  1  2 |
---------------+-------+-----
Armour         | 1 |  1.1
Fighting       | |  3.6
Maces & Flails | |  3.5
Dodging        | |  2.6
Stealth        | |  2.4
Invocations    | |  2.1

Action                   || total
-------------------------++-------
Melee: Mace              ||    65
 Stab: Sleeping          ||     3
Armor: Robe              ||    17
Dodge: Dodged            ||    60
